AoeStats
← Mono_Alum

Arena

510301545Analyzed
1v1 RM · 1d ago on Sep 30, 2026· 33m 11s· 2 players
Game mode
Random Map
Map size
Tiny (2 player)
Population
200
Speed
Normal
Resources
Standard
Victory
Conquest
Starting age
Dark Age
Ending age
Imperial Age
RankedLock teamsTeams togetherTeam positionsShared explorationLock speedFull tech treeHidden civsTurbo modeCheats
Victory
Defeat
🇲🇾 Spanish · Malaysia
946
+16
🇨🇳 Vietnamese · China
952
-46
Mono_Alum
10:28 Feudal Age
11:23 Loom
14:29 Castle Age
13:09 Double-Bit Axe
13:34 Horse Collar
14:14 Gold Mining
16:51 Bow Saw
21:00 Town Watch
21:16 Heavy Plow
23:45 Husbandry
24:38 Bloodlines
27:17 Scale Barding Armor
30:34 Imperial Age
28:27 Ballistics
29:12 Wheelbarrow
28:51 Forging
30:38 Chain Barding Armor
31:25 Cavalier
33:33 Plate Barding Armor
33:49 Iron Casting
34:15 Two-Man Saw
944475947
10:41 Feudal Age
16:11 Castle Age
21:15 Horse Collar
21:41 Double-Bit Axe
29:52 Imperial Age
28:51 Padded Archer Armor
28:41 Fletching
29:06 Scale Barding Armor
29:12 Forging
29:03 Scale Mail Armor
31:34 Pikeman
32:33 Pikeman
Connection lost

Rejoining the realm…

Still unreachable

The connection could not be restored.

Session expired

The server has moved on; the page needs a fresh start.